 Dungeon Crawl Stone Soup version 0.28.0-47-ge53b351184 (webtiles) character file.

Game seed: 17481584439452005485

2089 maxonian the Cleaver (level 9, -6/72 HPs)
             Began as a Demonspawn Gladiator on May 7, 2022.
             Was an Initiate of Yredelemnul.
             Mangled by Harold
             ... wielding a +0 flail
              (23 damage)
             ... on level 7 of the Dungeon.
             The game lasted 00:19:40 (8779 turns).

maxonian the Cleaver (Demonspawn Gladiator)         Turns: 8779, Time: 00:19:41

Health: -6/72      AC: 10    Str: 17    XL:     9   Next: 6%
Magic:  18/18      EV:  7    Int: 11    God:    Yredelemnul [......]
Gold:   213        SH:  0    Dex: 15    Spells: 8/8 levels left

rFire   . . .      SeeInvis .   s - +2 dagger (venom)
rCold   . . .      Faith    .   (no shield)
rNeg    . . .      Spirit   .   A - +1 chain mail {Will+}
rPois   .          Reflect  .   (helmet restricted)
rElec   .          Harm     .   E - +0 cloak
rCorr   .          Rampage  .   (no gloves)
Will    +....                   (no boots)
Stlth   ..........              (no amulet)
HPRegen 0.22/turn               k - ring of magical power
MPRegen 0.16/turn               L - ring of wizardry

@: marked
A: horns 1, ignite blood 1, spiny 1
a: Renounce Religion, Recall Undead Harvest


You were on level 7 of the Dungeon.
You worshipped Yredelemnul.
Yredelemnul was noncommittal.
You visited 2 branches of the dungeon, and saw 8 of its levels.

You collected 213 gold pieces.

Inventory:

Hand Weapons
 a - a +0 war axe
 b - a +0 hunting sling
   (You found it on level 1 of the Dungeon)
 c - a +0 glaive of flaming
   (You took it off Maggie on level 6 of the Dungeon)
 s - a +2 dagger of venom (weapon)
   (You took it off a kobold on level 2 of the Dungeon)
Missiles
 d - 5 throwing nets (quivered)
 f - 81 arrows
 h - 22 bolts
 l - 128 stones
 n - 3 poisoned darts
 o - 4 javelins
 C - 26 sling bullets
Armour
 g - +0 acid dragon scales
   (You took it off Maggie on level 6 of the Dungeon)
 A - a +1 chain mail of willpower (worn)
   (You found it on level 3 of the Dungeon)
 E - a +0 cloak (worn)
   (You found it on level 4 of the Dungeon)
Jewellery
 k - a ring of magical power (left hand)
   (You found it on level 1 of the Dungeon)
 B - a ring of flight
   (You found it on level 3 of the Dungeon)
 L - a ring of wizardry (right hand)
   (You took it off an orc wizard on level 6 of the Dungeon)
Wands
 J - a wand of acid (3)
   (You found it on level 5 of the Dungeon)
Scrolls
 j - a scroll of fear {unknown}
 m - 2 scrolls of enchant armour {unknown}
 p - 2 scrolls of amnesia {unknown}
 t - 5 scrolls of identify {unknown}
 x - 2 scrolls of brand weapon {unknown}
 y - 3 scrolls of immolation {unknown}
 z - 2 scrolls of magic mapping {unknown}
 D - a scroll of fog {unknown}
 K - 3 scrolls of enchant weapon {unknown}
Potions
 e - a potion of ambrosia {unknown}
 i - a potion of mutation {unknown}
 q - a potion of might {unknown}
 r - 4 potions of degeneration {unknown}
 u - a potion of lignification
 v - a potion of magic {unknown}
 w - a potion of invisibility {unknown}
 F - a potion of cancellation {unknown}
 G - a potion of curing
 H - a potion of brilliance {unknown}
 I - a potion of heal wounds


   Skills:
 + Level 7.1 Fighting
 * Level 9.1 Axes
 - Level 1.7 Throwing
 - Level 2.6 Dodging
 - Level 2.2 Stealth


You had 8 spell levels left.
You didn't know any spells.
Your spell library contained the following spells:

 Spells                   Type           Power      Damage    Failure   Level
 Sandblast                Erth           0%         2d4       92%         1
 Sting                    Tmut/Pois      0%         1d3       92%         1
 Corpse Rot               Necr/Air       0%         N/A       98%         2
 Passwall                 Tmut/Erth      0%         N/A       98%         2
 Poisonous Vapours        Pois/Air       0%         N/A       98%         2
 Stone Arrow              Conj/Erth      0%         3d7       99%         3
 Olgreb's Toxic Radiance  Pois           0%         N/A       100%        4


Dungeon Overview and Level Annotations

Branches:
Dungeon (7/15)             Temple (1/1) D:5

Altars:
Ashenzari
Cheibriados
Dithmenos
Elyvilon
Fedhas
Gozag
Hepliaklqana
Kikubaaqudgha
Makhleb
Nemelex Xobeh
Okawaru
Ru
Sif Muna
Trog
Uskayaw
Vehumet
Wu Jian
Xom
Yredelemnul
Zin
The Shining One

Shops:
D:2 !   D:5 *

Annotations:
D:3 Grinder
D:7 Harold


Innate Abilities, Weirdness & Mutations

You have a pair of small horns on your head.
Your demonic aura sometimes causes spilled blood to erupt in flames.
You are partially covered in sharp spines.


Message History

a - a +0 war axe (weapon)
The orc barely misses you.
You closely miss the orc.
The orc is almost dead.
The orc is struck by your spines.
You kill the orc!
You slash the orc!
You kill the orc!
A black mist starts to gather...
Harold grumbles, "Just give up already, I want to go home!"
Harold throws a throwing net.
The throwing net hits your orc zombie.
Your orc zombie is caught in the net!
Unknown command.
Your orc zombie struggles against the net.
Harold hits your orc zombie with a +0 flail!
Your orc zombie is destroyed!
Unknown command.
Harold hits you with a +0 flail!
Items here: ( ))) [[[.
Unknown command.
You barely miss Harold. You headbutt Harold.
Harold is lightly wounded.
Harold hits you with a +0 flail!
Unknown command.
You slash Harold! Your headbutt misses Harold.
Harold is lightly wounded.
Harold hits you with a +0 flail!
* * * LOW HITPOINT WARNING * * *
Unknown command.
Your +2 dagger of venom begins to drip with poison!
s - a +2 dagger of venom (weapon)
You hit Harold but do no damage.
Harold is lightly wounded.
Harold is struck by your spines. Harold hits you with a +0 flail!
* * * LOW HITPOINT WARNING * * *
You barely miss Harold.
Harold is moderately wounded.
Harold points at you and mumbles some strange words.
A sentinel's mark forms upon you.
Unknown command.
You hit Harold.
Harold is poisoned.
Harold is moderately wounded.
Harold is struck by your spines. Harold hits you with a +0 flail!
* * * LOW HITPOINT WARNING * * *
Unknown command.
You hit Harold but do no damage.
Harold looks as sick as possible!
Harold is moderately wounded.
Harold hits you with a +0 flail!!
You die...
Your body rises from the dead as a mindless zombie.

#......... ##...)###.
##########....# .
#........#..).# .
#........#....#
#).......#....#
#.............#
#.##########Z###....#
...((o@@Z.##.##.#.###
#.#######.##.Z..#.#
#.#####.#.# #.# #.#..
#.#####.######
#.##.........#
#.###.#.####.# #.#
#.#......# #.#
#.########


You could see Harold (extremely poisoned, ally target), an orc and a friendly
orc zombie.

Vanquished Creatures
  Maggie (D:6)
  Prince Ribbit (D:5)
  Sigmund (D:3)
  Eustachio (D:5)
  A steam dragon (D:5)
  Duvessa (D:6)
  An orc warrior (D:6)
  An ogre (D:6)
  A necrophage (D:4)
  A phantom (D:5)
  A wyvern zombie (D:6)
  A scorpion (D:5)
  Dowan (D:6)
  A centaur zombie (D:7)
  A bullfrog skeleton (D:5)
  An orc priest (D:4)
  Jessica (D:2)
  2 iguanas (D:5)
  4 orc wizards
  A hound skeleton (D:4)
  Robin (D:2)
  3 gnolls (D:6)
  8 adders
  A white imp (D:5)
  4 worms
  4 dart slugs
  14 orcs
  4 bats
  8 endoplasms
  6 giant cockroaches
  11 hobgoblins
  10 jackals
  11 kobolds
  3 quokkas
  9 ball pythons
  4 frilled lizards
  22 goblins
  An orc zombie (D:6)
  4 rats
152 creatures vanquished.

Vanquished Creatures (collateral kills)
  2 jellies (D:5)
2 creatures vanquished.

Vanquished Creatures (others)
  A spectral jelly (D:5)
  4 orc zombies
  An adder zombie (D:5)
  A gnoll zombie (D:6)
7 creatures vanquished.

Grand Total: 161 creatures vanquished

Notes
Turn   | Place    | Note
-------+----------+-------------------------------------------
     0 | D:1      | maxonian the Demonspawn Gladiator began the quest for the
                  | Orb.
     0 | D:1      | Reached XP level 1. HP: 16/16 MP: 1/1
   330 | D:1      | Gained mutation: Your demonic aura sometimes causes spilled
                  | blood to erupt in flames. [demonic ancestry]
   330 | D:1      | Reached XP level 2. HP: 22/22 MP: 2/2
   344 | D:1      | Found a faded altar of an unknown god.
   455 | D:1      | Reached skill level 3 in Axes
   455 | D:1      | Reached skill level 1 in Stealth
  1021 | D:1      | Gained mutation: You are partially covered in sharp spines.
                  | [demonic ancestry]
  1021 | D:1      | Reached XP level 3. HP: 28/28 MP: 3/3
  1559 | D:2      | Found Vaps's Distillery.
  1600 | D:2      | Noticed Robin
  1614 | D:2      | Reached XP level 4. HP: 26/35 MP: 4/4
  1614 | D:2      | Killed Robin
  1866 | D:2      | HP: 1/35 [poisoned by an adder]
  2759 | D:2      | Reached XP level 5. HP: 36/41 MP: 5/5
  3033 | D:2      | Noticed Jessica
  3046 | D:2      | Killed Jessica
  3047 | D:2      | Reached skill level 4 in Axes
  3055 | D:2      | Got Jessica's Volume of Dark Arts
  3188 | D:3      | Noticed Sigmund
  3550 | D:3      | Noticed Grinder
  3755 | D:3      | Killed Sigmund
  3756 | D:3      | Reached skill level 5 in Axes
  3756 | D:3      | Reached XP level 6. HP: 48/48 MP: 6/6
  4235 | D:4      | HP: 2/48 [orc priest/divine providence (9)]
  4713 | D:4      | Reached XP level 7. HP: 55/55 MP: 7/7
  5452 | D:5      | Entered Level 5 of the Dungeon
  5459 | D:5      | Found a staircase to the Ecumenical Temple.
  5462 | D:5      | Noticed a steam dragon
  5476 | D:5      | Killed a steam dragon
  5477 | D:5      | Reached skill level 5 in Fighting
  5477 | D:5      | Reached skill level 6 in Axes
  5478 | D:5      | Found Keocsop's Mass Market.
  5483 | Temple   | Entered the Ecumenical Temple
  5900 | Temple   | Became a worshipper of Yredelemnul the Dark
  5996 | D:5      | Found an iron altar of Okawaru.
  5999 | D:5      | Found a blossoming altar of Fedhas.
  6003 | D:5      | Found a shadowy altar of Dithmenos.
  6167 | D:5      | Noticed Eustachio
  6183 | D:5      | Killed Eustachio
  6184 | D:5      | Reached * piety under Yredelemnul
  6350 | D:5      | Reached skill level 7 in Axes
  6357 | D:5      | Reached XP level 8. HP: 41/63 MP: 8/8
  6582 | D:5      | Noticed Prince Ribbit
  6588 | D:5      | Killed Prince Ribbit
  7795 | D:6      | Found an ancient bone altar of Kikubaaqudgha.
  7841 | D:6      | Reached skill level 8 in Axes
  8139 | D:6      | Noticed Duvessa
  8139 | D:6      | Noticed Dowan
  8161 | D:6      | Killed Duvessa
  8164 | D:6      | Killed Dowan
  8503 | D:6      | You fall into a shaft and drop 1 floor!
  8509 | D:6      | Noticed Maggie
  8524 | D:6      | Killed Maggie
  8525 | D:6      | Reached skill level 9 in Axes
  8525 | D:6      | Gained mutation: You have a pair of small horns on your
                  | head. [demonic ancestry]
  8525 | D:6      | Reached XP level 9. HP: 45/72 MP: 9/9
  8763 | D:7      | Noticed Harold
  8779 | D:7      | Mangled by Harold

Illustrated notes

Levels and vault maps discovered:
D:1:      ncdulo_lavacross, layout_basic, basic_ecumenical_altar
D:2:      layout_loops_ring, serial_shops, shop_statue,
          kennysheep_jessica_study, uniq_robin
D:3:      layout_basic, minmay_checkerbox, uniq_sigmund, uniq_grinder
D:4:      layout_basic
D:5:      layout_layer_cave, grunt_temple_overflow_cloverleaf,
          minmay_temple_entry_grid, minmay_shop_mass, uniq_eustachio,
          uniq_prince_ribbit1
D:6:      layout_basic, nicolae_overflow_hidden_temple, uniq_duvessa,
          uniq_maggie
D:7:      layout_basic, uniq_pikel, uniq_harold
Temple:   regret_index_temple_sphere_string

Skill      XL: |  1  2  3  4  5  6  7  8 |
---------------+-------------------------+-----
Axes           | 3 5 7 9 |  9.1
Stealth        | 1 2 |  2.2
Fighting       | 3 4 5 7 |  7.1
Throwing       | |  1.7
Dodging        | |  2.6

Action                   |  1- 3 |  4- 6 |  7- 9 || total
-------------------------+-------+-------+-------++-------
Melee: War axe           |    82 |    44 |    64 ||   190
       Punch             |     1 |       |     1 ||     2
       Dagger            |       |    33 |    47 ||    80
       Headbutt          |       |       |     1 ||     1
 Fire: Hunting sling     |    55 |   103 |    59 ||   217
Throw: Dart              |       |       |     4 ||     4
  Use: Potion            |       |     3 |       ||     3
Armor: Leather armour    |    27 |    12 |       ||    39
       Chain mail        |       |    17 |    48 ||    65
       Skin              |       |    16 |       ||    16
Dodge: Dodged            |    56 |    27 |    43 ||   126
